Pick #1

Connor Bedard
Pick #2

Leo Carlsson
Pick #3

Adam Fantilli
Pick #4

Matvei Michkov
Pick #5

David Reinbacher
Pick #6

William Smith
Pick #7

Zachary Benson
Pick #8

Ryan Leonard
Pick #9

Gabriel Perreault
Pick #10

Axel Sandin-Pellika
Pick #11

Daniil But
Pick #12

Dalibor Dvorsky
Pick #13

Quentin Musty
Pick #14

Brayden Yager
Pick #15

Dmitry Simashev
Pick #16

Colby Barlow
Pick #17

Andrew Cristall
Pick #18

Easton Cowan
Pick #19

Jacob Fowler
Pick #20

Oliver Moore
Pick #21

Oliver Bonk
Pick #22

Tom Willander
Pick #23

Calum Ritchie
Pick #24

Tanner Molendyk
Pick #25

Gavin Brindley
Pick #26

Nate Danielson
Pick #27

Pick #28

Pick #29

Pick #30

Pick #31

Pick #32

Pick #33

Pick #34

Pick #35

Pick #36

Pick #37

Pick #38

Pick #39

Pick #40

Pick #41

Pick #42

Pick #43

Pick #44

Pick #45

Pick #46

Pick #47

Pick #48

Pick #49

Pick #50

Pick #51

Pick #52

Pick #53

Pick #54

Pick #55

Pick #56

Pick #57

Pick #58

Pick #59

Pick #60

Pick #61

Pick #62

Pick #63

Pick #64

Pick #65

Pick #66

Pick #67

Pick #68

Pick #69

Pick #70

Pick #71

Pick #72

Pick #73

Pick #74

Pick #75

Pick #76

Pick #77

Pick #78

Pick #79

Pick #80

Pick #81

Pick #82

Pick #83

Pick #84

Pick #85

Pick #86

Pick #87

Pick #88

Pick #89

Pick #90

Pick #91

Pick #92

Pick #93

Pick #94

Pick #95

Pick #96

Pick #97

Pick #98

Pick #99

Pick #100

Pick #101

Pick #102

Pick #103

Pick #104

Pick #105

Pick #106

Pick #107

Pick #108

Pick #109

Pick #110

Pick #111

Pick #112

Pick #113

Pick #114

Pick #115

Pick #116

Pick #117

Pick #118

Pick #119

Pick #120

Pick #121

Pick #122

Pick #123

Pick #124

Pick #125

Pick #126

Pick #127

Pick #128

Pick #129

Pick #130

Full Scoreboard »»

Kings vs Senators

Created - January 13, 2024 at 09:07

Goals
1 2 3 T
Kings 1 1 1 3
Senators 1 1 2 4
Shots
1 2 3 T
Kings 7 6 7 20
Senators 7 9 8 24

GoalsPenalties
1st period
1. Kings , Matt Grzelcyk 2 (David Savard 10, Derek Ryan 1) at 14:48
2. Senators , Christian Dvorak 8 (Connor Clifton 5, Sam Gagner 1) at 19:28
K'Andre Miller (OTT) for Roughing (Minor) at 8:39
Vladimir Tarasenko (LOS) for Roughing (Minor) at 8:39
2nd period
3. Kings , Conor Sheary 4 (Rasmus Ristolainen 7, Nic Dowd 9) at 2:38
4. Senators , Brock McGinn 4 (Pius Suter 6, Jake Walman 8) at 6:28
David Savard (LOS) for High sticking (Minor) at 16:31
3rd period
5. Senators , Nikita Kucherov 19 (Joel Eriksson Ek 17, Matty Beniers 12) at 1:09
6. Kings , Kirill Marchenko 7 (Mattias Ekholm 18, Jeff Carter 2) at 2:28
7. Senators , Brock McGinn 5 (Connor Clifton 6, Pius Suter 7) at 5:45
Vladimir Tarasenko (LOS) for Holding (Minor) at 3:21
Cole Sillinger (LOS) for Roughing (Minor) at 8:15
Semyon Varlamov (OTT) for Delaying the game (Minor) at 10:55 - Connor Clifton served the penalty.
Evander Kane (LOS) for Elbowing (Minor) at 14:27
Rasmus Ristolainen (LOS) for Boarding (Minor) at 19:14
Goalie Stats
Igor Shesterkin (LOS), 20 saves from 24 shots - (0.833), L, 14-11-4, 59:45 minutes
Semyon Varlamov (OTT), 17 saves from 20 shots - (0.850), W, 14-6-1, 60:00 minutes
3 StarsOfficial
1 - Brock McGinn (OTT)
2 - Connor Clifton (OTT)
3 - Jake Walman (OTT)
Referees : Brandon Blandina and Furman South
Linesman : Justin Cornell and Stephen Drain
Game Note
No Game Note
Finance
Level 1 -- Attendance: 6204 (95.45%) -- Ticket Income $744,480
Level 2 -- Attendance: 4673 (93.46%) -- Ticket Income $420,570
Level 3 -- Attendance: 2722 (77.77%) -- Ticket Income $204,150
Level 4 -- Attendance: 2152 (68.25%) -- Ticket Income $107,600
Luxury Box -- Attendance: 716 (71.60%) -- Ticket Income $171,840
Game was played at the Canadian Tire Centre.
Total Attendance: 16467 (85.98%)
Total Ticket Income: $1,648,640
Other Income: $412,160
Total Income: $2,060,800



Team Name Goals Shots Shots Attemp Shots Blocked PIM HIT PP PK FO%
Kings 320451012220 / 1 (0%)048%
Senators 4245654200 / 5 (0%)052%

Kings
Player Name POS G A P +/- PIM HIT SHT SB MP PP MP PP SHT PK MP PK SHT FO% FOT
Brandon SaadLW0001001011:440:0000:1000% 0
Cole SillingerC000-1251017:030:5900:00033% 18
Conor ShearyLW1011003014:200:0002:4600% 1
David SavardD011-1200021:071:0002:4400% 0
Derek RyanC011000007:510:0002:46044% 9
Evander KaneLW000-1244017:351:0000:00067% 3
Ilya MikheyevRW000-1011016:320:5900:0000% 1
Jeff CarterC011-1004016:411:0000:00058% 19
Joel EdmundsonD000-1010222:251:0004:0100% 0
Jonas BrodinD0000000223:470:5904:2900% 0
Kirill MarchenkoRW101-1003018:331:0000:57060% 5
Matt GrzelcykD101000106:330:0001:2800% 0
Mattias EkholmD0110010123:580:5904:4000% 0
Nic DowdC0111030016:320:0004:58050% 16
Rasmus RistolainenD0110250113:360:0000:0000% 0
Timothy LiljegrenD0000000213:370:0000:0000% 0
Tyler MotteC0000011110:500:0005:4500% 0
Vladimir TarasenkoRW000-1411116:300:5900:000100% 1
Senators
Player Name POS G A P +/- PIM HIT SHT SB MP PP MP PP SHT PK MP PK SHT FO% FOT
Andrew CoppC0000001020:104:3810:47036% 28
Anthony CirelliC0000001119:093:5101:12050% 2
Brock McGinnLW202200308:500:0000:0900% 0
Christian DvorakC1011012013:393:5110:00073% 11
Connor CliftonD0223031111:550:0000:0000% 0
Erik JohnsonD0000020118:110:0000:4400% 0
Jake WalmanD0113020017:104:3600:0000% 0
Joel Eriksson EkC011-2022016:180:1200:00070% 23
K'Andre MillerD0000240022:384:3601:1500% 0
Luke GlendeningC000200009:560:0001:12043% 7
Matty BeniersC011-2011019:364:5000:0000% 1
Nikita KucherovRW101-2004020:154:5010:0000% 0
Noah HanifinD000-2001025:014:0510:5800% 0
Pius SuterC022200208:440:0000:0000% 0
Rasmus AnderssonD000-2002225:044:0511:0100% 0
Sam GagnerC011100009:450:0000:0000% 0
Scott LaughtonC0000043019:553:5110:3800% 0
Tomas TatarLW000101109:450:0000:0000% 1



Play-by-Play

1st period


0:01 of 1st period - Jeff Carter wins face-off versus Joel Eriksson Ek in neutral zone.
0:13 of 1st period - Shot by Evander Kane.
0:13 of 1st period - Stopped by Semyon Varlamov without a rebound.
0:14 of 1st period - Vladimir Tarasenko wins face-off versus Andrew Copp in Senators zone.
0:30 of 1st period - Icing by Joel Edmundson.
0:31 of 1st period - Cole Sillinger wins face-off versus Tomas Tatar in Kings zone.
2:27 of 1st period - Shot by Evander Kane.
2:27 of 1st period - Stopped by Semyon Varlamov without a rebound.
2:28 of 1st period - Nic Dowd wins face-off versus Andrew Copp in Senators zone.
2:30 of 1st period - Conor Sheary is hit by K'Andre Miller and loses puck.
2:57 of 1st period - Shot by Anthony Cirelli.
2:57 of 1st period - Shot Misses the Net.
3:43 of 1st period - Joel Eriksson Ek is hit by Rasmus Ristolainen and loses puck.
5:54 of 1st period - Shot by Brock McGinn.
5:54 of 1st period - Stopped by Igor Shesterkin without a rebound.
5:55 of 1st period - Derek Ryan wins face-off versus Andrew Copp in Kings zone.
5:55 of 1st period - Derek Ryan is hit by Scott Laughton.
6:07 of 1st period - Shot by Tyler Motte.
6:07 of 1st period - Deflect By Matt Grzelcyk.
6:07 of 1st period - Shot Hit the Post.
6:21 of 1st period - Shot by Tyler Motte.
6:21 of 1st period - Stopped by Semyon Varlamov without a rebound.
6:22 of 1st period - Joel Eriksson Ek wins face-off versus Cole Sillinger in Senators zone.
6:22 of 1st period - Nikita Kucherov is hit by Vladimir Tarasenko and loses puck.
6:27 of 1st period - Shot by Vladimir Tarasenko.
6:27 of 1st period - Stopped by Semyon Varlamov without a rebound.
6:28 of 1st period - Joel Eriksson Ek wins face-off versus Cole Sillinger in Senators zone.
6:28 of 1st period - Joel Eriksson Ek is hit by Cole Sillinger.
6:38 of 1st period - Shot by Joel Eriksson Ek.
6:38 of 1st period - Stopped by Igor Shesterkin without a rebound.
6:39 of 1st period - Jeff Carter wins face-off versus Andrew Copp in Kings zone.
6:51 of 1st period - Icing by K'Andre Miller.
6:52 of 1st period - Andrew Copp wins face-off versus Derek Ryan in Senators zone.
7:03 of 1st period - Shot by Scott Laughton.
7:03 of 1st period - Shot Misses the Net.
7:05 of 1st period - Shot by Scott Laughton.
7:05 of 1st period - Stopped by Igor Shesterkin without a rebound.
7:06 of 1st period - Jeff Carter wins face-off versus Matty Beniers in Kings zone.
7:17 of 1st period - Shot by Joel Eriksson Ek.
7:17 of 1st period - Shot Misses the Net.
7:19 of 1st period - Shot by Joel Eriksson Ek.
7:19 of 1st period - Shot Misses the Net.
7:52 of 1st period - Icing by Evander Kane.
7:53 of 1st period - Jeff Carter wins face-off versus Andrew Copp in Kings zone.
8:03 of 1st period - Icing by Erik Johnson.
8:04 of 1st period - Cole Sillinger wins face-off versus Anthony Cirelli in Senators zone.
8:04 of 1st period - Joel Edmundson is hit by Erik Johnson and loses puck.
8:17 of 1st period - Andrew Copp is hit by Cole Sillinger and loses puck.
8:39 of 1st period - Minor Penalty to K'Andre Miller for Roughing.
8:39 of 1st period - Minor Penalty to Vladimir Tarasenko for Roughing.
8:40 of 1st period - Kirill Marchenko wins face-off versus Joel Eriksson Ek in Senators zone.
9:08 of 1st period - Shot by Kirill Marchenko.
9:08 of 1st period - Shot Blocked by Rasmus Andersson.
9:36 of 1st period - Shot by Cole Sillinger.
9:36 of 1st period - Shot Hit the Post.
9:48 of 1st period - Shot by Cole Sillinger.
9:48 of 1st period - Stopped by Semyon Varlamov without a rebound.
9:49 of 1st period - Evander Kane wins face-off versus Andrew Copp in Senators zone.
9:56 of 1st period - Shot by Kirill Marchenko.
9:56 of 1st period - Shot Misses the Net.
10:07 of 1st period - Shot by Nikita Kucherov.
10:07 of 1st period - Stopped by Igor Shesterkin without a rebound.
10:08 of 1st period - Joel Eriksson Ek wins face-off versus Kirill Marchenko in Kings zone.
10:19 of 1st period - Shot by Noah Hanifin.
10:19 of 1st period - Shot Misses the Net.
10:36 of 1st period - Icing by Rasmus Andersson.
10:37 of 1st period - Joel Eriksson Ek wins face-off versus Cole Sillinger in Senators zone.
11:55 of 1st period - Shot by Ilya Mikheyev.
11:55 of 1st period - Shot Misses the Net.
12:42 of 1st period - Icing by David Savard.
12:43 of 1st period - Andrew Copp wins face-off versus Conor Sheary in Kings zone.
12:44 of 1st period - Shot by Anthony Cirelli.
12:44 of 1st period - Shot Misses the Net.
12:49 of 1st period - Nic Dowd is hit by Erik Johnson and loses puck.
12:57 of 1st period - Conor Sheary is hit by K'Andre Miller and loses puck.
13:04 of 1st period - Shot by Brandon Saad.
13:04 of 1st period - Stopped by Semyon Varlamov without a rebound.
13:05 of 1st period - Jeff Carter wins face-off versus Christian Dvorak in Senators zone.
13:25 of 1st period - Christian Dvorak is hit by Rasmus Ristolainen.
13:32 of 1st period - Sam Gagner is hit by Rasmus Ristolainen and loses puck.
14:12 of 1st period - Off-side.
14:13 of 1st period - Derek Ryan wins face-off versus Andrew Copp in neutral zone.
14:41 of 1st period - Icing by Tyler Motte.
14:42 of 1st period - Derek Ryan wins face-off versus Joel Eriksson Ek in Kings zone.
14:42 of 1st period - Derek Ryan is hit by Joel Eriksson Ek.
14:48 of 1st period - Shot by Matt Grzelcyk.
14:48 of 1st period - Goal by Matt Grzelcyk - Kings : 1 - Senators : 0.
14:49 of 1st period - Joel Eriksson Ek wins face-off versus Cole Sillinger in neutral zone.
15:49 of 1st period - Shot by Scott Laughton.
15:49 of 1st period - Shot Blocked by Vladimir Tarasenko.
15:59 of 1st period - Shot by Anthony Cirelli.
15:59 of 1st period - Shot Misses the Net.
16:01 of 1st period - Shot by Anthony Cirelli.
16:01 of 1st period - Shot Misses the Net.
16:09 of 1st period - Shot by Rasmus Andersson.
16:09 of 1st period - Stopped by Igor Shesterkin without a rebound.
16:10 of 1st period - Luke Glendening wins face-off versus Jeff Carter in Kings zone.
17:04 of 1st period - Connor Clifton is hit by Nic Dowd and loses puck.
17:52 of 1st period - Anthony Cirelli is hit by Rasmus Ristolainen and loses puck.
18:57 of 1st period - Mattias Ekholm is hit by Connor Clifton and loses puck.
19:16 of 1st period - Shot by Christian Dvorak.
19:16 of 1st period - Shot Misses the Net.
19:18 of 1st period - Shot by Sam Gagner.
19:18 of 1st period - Shot Misses the Net.
19:28 of 1st period - Shot by Christian Dvorak.
19:28 of 1st period - Goal by Christian Dvorak - Kings : 1 - Senators : 1.
19:29 of 1st period - Andrew Copp wins face-off versus Cole Sillinger in neutral zone.
19:58 of 1st period - Shot by Scott Laughton.
19:58 of 1st period - Stopped by Igor Shesterkin without a rebound.
19:59 of 1st period - Jeff Carter wins face-off versus Joel Eriksson Ek in Kings zone.
19:59 of 1st period - Jeff Carter is hit by Joel Eriksson Ek.
Goals for this period are 1 for Kings vs 1 for Senators.
Shots for this period are 7 for Kings vs 7 for Senators.

2nd period


0:01 of 2nd period - Joel Eriksson Ek wins face-off versus Evander Kane in neutral zone.
0:12 of 2nd period - Shot by Nikita Kucherov.
0:12 of 2nd period - Deflect By Joel Eriksson Ek.
0:12 of 2nd period - Stopped by Igor Shesterkin without a rebound.
0:13 of 2nd period - Cole Sillinger wins face-off versus Andrew Copp in Kings zone.
0:18 of 2nd period - K'Andre Miller is hit by Cole Sillinger and loses puck.
0:41 of 2nd period - Shot by Vladimir Tarasenko.
0:41 of 2nd period - Shot Blocked by Erik Johnson.
2:01 of 2nd period - Icing by Joel Eriksson Ek.
2:02 of 2nd period - Nic Dowd wins face-off versus Joel Eriksson Ek in Senators zone.
2:38 of 2nd period - Shot by Conor Sheary.
2:38 of 2nd period - Goal by Conor Sheary - Kings : 2 - Senators : 1.
2:39 of 2nd period - Christian Dvorak wins face-off versus Cole Sillinger in neutral zone.
2:39 of 2nd period - Sam Gagner is hit by Cole Sillinger.
4:30 of 2nd period - Mattias Ekholm is hit by K'Andre Miller and loses puck.
4:58 of 2nd period - Conor Sheary is hit by Jake Walman and loses puck.
5:17 of 2nd period - Shot by Conor Sheary.
5:17 of 2nd period - Stopped by Semyon Varlamov without a rebound.
5:18 of 2nd period - Andrew Copp wins face-off versus Cole Sillinger in Senators zone.
5:18 of 2nd period - Andrew Copp is hit by Ilya Mikheyev.
6:23 of 2nd period - Pius Suter is hit by Tyler Motte and loses puck.
6:28 of 2nd period - Shot by Brock McGinn.
6:28 of 2nd period - Goal by Brock McGinn - Kings : 2 - Senators : 2.
6:29 of 2nd period - Joel Eriksson Ek wins face-off versus Jeff Carter in neutral zone.
6:52 of 2nd period - Shot by Jeff Carter.
6:52 of 2nd period - Stopped by Semyon Varlamov without a rebound.
6:53 of 2nd period - Derek Ryan wins face-off versus Luke Glendening in Senators zone.
7:35 of 2nd period - Brock McGinn is hit by Mattias Ekholm and loses puck.
8:02 of 2nd period - Shot by Jake Walman.
8:02 of 2nd period - Shot Misses the Net.
8:04 of 2nd period - Shot by Anthony Cirelli.
8:04 of 2nd period - Shot Misses the Net.
8:06 of 2nd period - Shot by Anthony Cirelli.
8:06 of 2nd period - Stopped by Igor Shesterkin without a rebound.
8:07 of 2nd period - Joel Eriksson Ek wins face-off versus Jeff Carter in Kings zone.
8:37 of 2nd period - Matty Beniers is hit by Joel Edmundson.
8:47 of 2nd period - Shot by Kirill Marchenko.
8:47 of 2nd period - Deflect By Evander Kane.
8:47 of 2nd period - Stopped by Semyon Varlamov without a rebound.
8:48 of 2nd period - Cole Sillinger wins face-off versus Andrew Copp in Senators zone.
8:48 of 2nd period - Cole Sillinger is hit by Connor Clifton.
9:00 of 2nd period - Anthony Cirelli is hit by Cole Sillinger and loses puck.
9:06 of 2nd period - Off-side.
9:07 of 2nd period - Luke Glendening wins face-off versus Nic Dowd in neutral zone.
9:16 of 2nd period - Shot by Brock McGinn.
9:16 of 2nd period - Shot Blocked by Mattias Ekholm.
9:18 of 2nd period - Shot by Brock McGinn.
9:18 of 2nd period - Shot Hit the Post.
10:25 of 2nd period - Icing by Noah Hanifin.
10:26 of 2nd period - Jeff Carter wins face-off versus Luke Glendening in Senators zone.
11:14 of 2nd period - Kirill Marchenko is hit by Scott Laughton and loses puck.
11:57 of 2nd period - Shot by Nikita Kucherov.
11:57 of 2nd period - Shot Misses the Net.
11:59 of 2nd period - Shot by Joel Eriksson Ek.
11:59 of 2nd period - Deflect By Matty Beniers.
11:59 of 2nd period - Shot Blocked by Timothy Liljegren.
12:01 of 2nd period - Shot by Matty Beniers.
12:01 of 2nd period - Deflect By Nikita Kucherov.
12:01 of 2nd period - Shot Blocked by Rasmus Ristolainen.
12:11 of 2nd period - Shot by Nikita Kucherov.
12:11 of 2nd period - Shot Blocked by Timothy Liljegren.
12:13 of 2nd period - Shot by Matty Beniers.
12:13 of 2nd period - Stopped by Igor Shesterkin with a rebound.
12:15 of 2nd period - Shot by Connor Clifton.
12:15 of 2nd period - Stopped by Igor Shesterkin without a rebound.
12:16 of 2nd period - Christian Dvorak wins face-off versus Derek Ryan in Kings zone.
12:33 of 2nd period - Shot by Tyler Motte.
12:33 of 2nd period - Shot Misses the Net.
12:35 of 2nd period - Shot by Jonas Brodin.
12:35 of 2nd period - Shot Misses the Net.
13:17 of 2nd period - Icing by Rasmus Ristolainen.
13:18 of 2nd period - Andrew Copp wins face-off versus Nic Dowd in Kings zone.
14:25 of 2nd period - Shot by Evander Kane.
14:25 of 2nd period - Shot Misses the Net.
14:31 of 2nd period - Shot by Evander Kane.
14:31 of 2nd period - Deflect By Jeff Carter.
14:31 of 2nd period - Stopped by Semyon Varlamov without a rebound.
14:32 of 2nd period - Joel Eriksson Ek wins face-off versus Cole Sillinger in Senators zone.
14:51 of 2nd period - Shot by Nikita Kucherov.
14:51 of 2nd period - Stopped by Igor Shesterkin with a rebound.
15:28 of 2nd period - Jonas Brodin is hit by Christian Dvorak and loses puck.
15:45 of 2nd period - Shot by Christian Dvorak.
15:45 of 2nd period - Shot Misses the Net.
16:01 of 2nd period - Cole Sillinger is hit by Tomas Tatar and loses puck.
16:31 of 2nd period - Minor Penalty to David Savard for High sticking.
16:32 of 2nd period - Nic Dowd wins face-off versus Andrew Copp in Kings zone.
16:41 of 2nd period - Shot by Noah Hanifin.
16:41 of 2nd period - Shot Blocked by Joel Edmundson.
16:43 of 2nd period - Shot by Andrew Copp.
16:43 of 2nd period - Shot Blocked by Tyler Motte.
16:45 of 2nd period - Shot by Andrew Copp.
16:45 of 2nd period - Stopped by Igor Shesterkin without a rebound.
16:46 of 2nd period - Andrew Copp wins face-off versus Nic Dowd in Kings zone.
17:33 of 2nd period - Nic Dowd is hit by Scott Laughton and loses puck.
17:42 of 2nd period - Shot by Jake Walman.
17:42 of 2nd period - Shot Blocked by Joel Edmundson.
17:44 of 2nd period - Shot by Christian Dvorak.
17:44 of 2nd period - Shot Blocked by Jonas Brodin.
17:46 of 2nd period - Shot by K'Andre Miller.
17:46 of 2nd period - Shot Blocked by Jonas Brodin.
17:48 of 2nd period - Shot by Christian Dvorak.
17:48 of 2nd period - Stopped by Igor Shesterkin without a rebound.
17:49 of 2nd period - Christian Dvorak wins face-off versus Derek Ryan in Kings zone.
17:50 of 2nd period - Shot by Scott Laughton.
17:50 of 2nd period - Stopped by Igor Shesterkin without a rebound.
17:51 of 2nd period - Christian Dvorak wins face-off versus Derek Ryan in Kings zone.
18:46 of 2nd period - Shot by Jeff Carter.
18:46 of 2nd period - Shot Misses the Net.
19:38 of 2nd period - Shot by Vladimir Tarasenko.
19:38 of 2nd period - Shot Misses the Net.
19:40 of 2nd period - Shot by Ilya Mikheyev.
19:40 of 2nd period - Shot Misses the Net.
19:42 of 2nd period - Shot by David Savard.
19:42 of 2nd period - Shot Blocked by Connor Clifton.
19:44 of 2nd period - Shot by Ilya Mikheyev.
19:44 of 2nd period - Stopped by Semyon Varlamov without a rebound.
19:45 of 2nd period - Andrew Copp wins face-off versus Nic Dowd in Senators zone.
Goals for this period are 1 for Kings vs 1 for Senators.
Shots for this period are 6 for Kings vs 9 for Senators.

3rd period


0:01 of 3rd period - Joel Eriksson Ek wins face-off versus Jeff Carter in neutral zone.
0:26 of 3rd period - Shot by Kirill Marchenko.
0:26 of 3rd period - Stopped by Semyon Varlamov without a rebound.
0:27 of 3rd period - Anthony Cirelli wins face-off versus Ilya Mikheyev in Senators zone.
0:59 of 3rd period - Icing by Joel Edmundson.
1:00 of 3rd period - Joel Eriksson Ek wins face-off versus Cole Sillinger in Kings zone.
1:07 of 3rd period - Shot by Matty Beniers.
1:07 of 3rd period - Shot Misses the Net.
1:09 of 3rd period - Shot by Joel Eriksson Ek.
1:09 of 3rd period - Deflect By Nikita Kucherov.
1:09 of 3rd period - Goal by Nikita Kucherov - Kings : 2 - Senators : 3.
1:10 of 3rd period - Evander Kane wins face-off versus Christian Dvorak in neutral zone.
1:35 of 3rd period - Shot by Tomas Tatar.
1:35 of 3rd period - Stopped by Igor Shesterkin without a rebound.
1:36 of 3rd period - Joel Eriksson Ek wins face-off versus Nic Dowd in Kings zone.
1:50 of 3rd period - Shot by Nic Dowd.
1:50 of 3rd period - Shot Misses the Net.
1:52 of 3rd period - Shot by Nic Dowd.
1:52 of 3rd period - Shot Misses the Net.
1:57 of 3rd period - Icing by Rasmus Andersson.
1:58 of 3rd period - Joel Eriksson Ek wins face-off versus Jeff Carter in Senators zone.
1:58 of 3rd period - Joel Eriksson Ek is hit by Evander Kane.
2:28 of 3rd period - Shot by Kirill Marchenko.
2:28 of 3rd period - Goal by Kirill Marchenko - Kings : 3 - Senators : 3.
2:29 of 3rd period - Cole Sillinger wins face-off versus Andrew Copp in neutral zone.
2:29 of 3rd period - Cole Sillinger is hit by Scott Laughton.
2:53 of 3rd period - Shot by Andrew Copp.
2:53 of 3rd period - Shot Misses the Net.
3:10 of 3rd period - Ilya Mikheyev is hit by K'Andre Miller.
3:21 of 3rd period - Minor Penalty to Vladimir Tarasenko for Holding.
3:22 of 3rd period - Andrew Copp wins face-off versus Nic Dowd in Kings zone.
3:33 of 3rd period - Shot by Noah Hanifin.
3:33 of 3rd period - Stopped by Igor Shesterkin without a rebound.
3:34 of 3rd period - Nic Dowd wins face-off versus Andrew Copp in Kings zone.
3:34 of 3rd period - Nic Dowd is hit by Matty Beniers.
4:10 of 3rd period - Shot by Nikita Kucherov.
4:10 of 3rd period - Shot Misses the Net.
5:15 of 3rd period - Shot by Rasmus Andersson.
5:15 of 3rd period - Stopped by Igor Shesterkin without a rebound.
5:16 of 3rd period - Andrew Copp wins face-off versus Nic Dowd in Kings zone.
5:41 of 3rd period - Shot by Pius Suter.
5:41 of 3rd period - Stopped by Igor Shesterkin with a rebound.
5:45 of 3rd period - Shot by Brock McGinn.
5:45 of 3rd period - Goal by Brock McGinn - Kings : 3 - Senators : 4.
5:46 of 3rd period - Cole Sillinger wins face-off versus Joel Eriksson Ek in neutral zone.
5:57 of 3rd period - Shot by Vladimir Tarasenko.
5:57 of 3rd period - Deflect By Ilya Mikheyev.
5:57 of 3rd period - Shot Blocked by Rasmus Andersson.
6:36 of 3rd period - Icing by Rasmus Andersson.
6:37 of 3rd period - Joel Eriksson Ek wins face-off versus Jeff Carter in Senators zone.
7:11 of 3rd period - Icing by Jonas Brodin.
7:12 of 3rd period - Jeff Carter wins face-off versus Andrew Copp in Kings zone.
7:25 of 3rd period - Shot by Jeff Carter.
7:25 of 3rd period - Shot Misses the Net.
7:59 of 3rd period - Shot by Conor Sheary.
7:59 of 3rd period - Shot Misses the Net.
8:01 of 3rd period - Shot by Nic Dowd.
8:01 of 3rd period - Shot Misses the Net.
8:03 of 3rd period - Shot by Conor Sheary.
8:03 of 3rd period - Shot Blocked by Anthony Cirelli.
8:05 of 3rd period - Shot by Conor Sheary.
8:05 of 3rd period - Shot Misses the Net.
8:12 of 3rd period - Shot by Conor Sheary.
8:12 of 3rd period - Stopped by Semyon Varlamov without a rebound.
8:13 of 3rd period - Christian Dvorak wins face-off versus Cole Sillinger in Senators zone.
8:15 of 3rd period - Minor Penalty to Cole Sillinger for Roughing.
8:16 of 3rd period - Nic Dowd wins face-off versus Andrew Copp in Kings zone.
9:24 of 3rd period - Icing by Christian Dvorak.
9:25 of 3rd period - Christian Dvorak wins face-off versus Derek Ryan in Senators zone.
10:02 of 3rd period - Icing by Rasmus Andersson.
10:03 of 3rd period - Andrew Copp wins face-off versus Kirill Marchenko in Senators zone.
10:09 of 3rd period - Shot by Noah Hanifin.
10:09 of 3rd period - Shot Misses the Net.
10:22 of 3rd period - Shot by Brock McGinn.
10:22 of 3rd period - Shot Misses the Net.
10:24 of 3rd period - Shot by Pius Suter.
10:24 of 3rd period - Stopped by Igor Shesterkin without a rebound.
10:25 of 3rd period - Christian Dvorak wins face-off versus Jeff Carter in Kings zone.
10:35 of 3rd period - Sam Gagner is hit by Rasmus Ristolainen.
10:53 of 3rd period - Shot by Jeff Carter.
10:53 of 3rd period - Deflect By Kirill Marchenko.
10:53 of 3rd period - Shot Misses the Net.
10:55 of 3rd period - Shot by Jeff Carter.
10:55 of 3rd period - Stopped by Semyon Varlamov without a rebound.
10:55 of 3rd period - Minor Penalty to Semyon Varlamov for Delaying the game.
10:56 of 3rd period - Luke Glendening wins face-off versus Cole Sillinger in Senators zone.
12:22 of 3rd period - Shot by Anthony Cirelli.
12:22 of 3rd period - Shot Misses the Net.
12:30 of 3rd period - Rasmus Andersson is hit by Evander Kane.
12:51 of 3rd period - Noah Hanifin is hit by Evander Kane and loses puck.
13:03 of 3rd period - Rasmus Ristolainen is hit by Jake Walman and loses puck.
13:07 of 3rd period - Nic Dowd is hit by Connor Clifton and loses puck.
13:43 of 3rd period - Icing by Rasmus Ristolainen.
13:44 of 3rd period - Nic Dowd wins face-off versus Joel Eriksson Ek in Kings zone.
14:23 of 3rd period - Icing by Noah Hanifin.
14:24 of 3rd period - Joel Eriksson Ek wins face-off versus Jeff Carter in Senators zone.
14:24 of 3rd period - Joel Eriksson Ek is hit by Evander Kane.
14:27 of 3rd period - Minor Penalty to Evander Kane for Elbowing.
14:28 of 3rd period - Nic Dowd wins face-off versus Christian Dvorak in Kings zone.
16:14 of 3rd period - Shot by Nikita Kucherov.
16:14 of 3rd period - Stopped by Igor Shesterkin without a rebound.
16:15 of 3rd period - Kirill Marchenko wins face-off versus Andrew Copp in Kings zone.
16:29 of 3rd period - Icing by Rasmus Andersson.
16:30 of 3rd period - Jeff Carter wins face-off versus Luke Glendening in Senators zone.
16:35 of 3rd period - Shot by Evander Kane.
16:35 of 3rd period - Stopped by Semyon Varlamov without a rebound.
16:36 of 3rd period - Jeff Carter wins face-off versus Luke Glendening in Senators zone.
16:43 of 3rd period - Shot by Jeff Carter.
16:43 of 3rd period - Stopped by Semyon Varlamov without a rebound.
16:44 of 3rd period - Jeff Carter wins face-off versus Andrew Copp in Senators zone.
16:56 of 3rd period - Off-side.
16:57 of 3rd period - Joel Eriksson Ek wins face-off versus Cole Sillinger in neutral zone.
17:00 of 3rd period - Shot by Nikita Kucherov.
17:00 of 3rd period - Deflect By Joel Eriksson Ek.
17:00 of 3rd period - Shot Misses the Net.
17:31 of 3rd period - Shot by Vladimir Tarasenko.
17:31 of 3rd period - Shot Hit the Post.
17:33 of 3rd period - Shot by Ilya Mikheyev.
17:33 of 3rd period - Shot Misses the Net.
17:35 of 3rd period - Shot by Ilya Mikheyev.
17:35 of 3rd period - Shot Misses the Net.
18:15 of 3rd period - Shot by Kirill Marchenko.
18:15 of 3rd period - Stopped by Semyon Varlamov without a rebound.
18:16 of 3rd period - Christian Dvorak wins face-off versus Nic Dowd in Senators zone.
18:16 of 3rd period - Christian Dvorak is hit by Nic Dowd.
18:19 of 3rd period - Sam Gagner is hit by Nic Dowd.
18:20 of 3rd period - Off-side.
18:21 of 3rd period - Nic Dowd wins face-off versus Andrew Copp in neutral zone.
19:00 of 3rd period - Kings, Igor Shesterkin is pulled from the net.
19:14 of 3rd period - Minor Penalty to Rasmus Ristolainen for Boarding.
19:15 of 3rd period - Igor Shesterkin from Kings was sent back in the game.
19:15 of 3rd period - Kirill Marchenko wins face-off versus Andrew Copp in Kings zone.
Goals for this period are 1 for Kings vs 2 for Senators.
Shots for this period are 7 for Kings vs 8 for Senators.